cohdb
Replays
Latest Replays
All Replays
Popular Replays
Top Player Replays
Match Explorer
How It Works
Community
CoH3 Stats
Reddit
Sign in to upload your games and track your stats! →
Sign in with Steam
Match 44700123
Unlisted
Match 44700123
Overview
Messages
Build Orders
End
Construct Barracks
Selects Airborne Battlegroup
Engineer Squad
Selects Heavy Machine Gun Paradrop
Heavy Machine Gun Paradrop
Riflemen Squad
Construct Weapon Support Center
Heavy Machine Gun Paradrop
Improved M9 Bazooka Rockets
1⁄4-ton 4x4 Truck
Grenade Package
Bazooka Squad
Selects Smoke Bombing Run
Selects Paradrop Reinforcements
AI Takeover
RogueReX
Serial Chiller
IRAQI ARMY
THE FUTURE IS NOW OLD MAN
Kurai
willdeath
Texxy
basickq
0
0
Comments
sign in to comment!
No comments posted yet!